 Dungeon Crawl Stone Soup version 0.18.1-48-g4cf74bf (webtiles) character file.

72122 Joat the Martial Artist (level 15, 0/132 HPs)
             Began as a Pale Draconian Transmuter on Aug 20, 2016.
             Was the Champion of Qazlal.
             Slain by a sixfirhy (9 damage)
             ... summoned by an orc sorcerer
             ... while paralysed by an orc sorcerer
             ... on level 2 of the Orcish Mines.
             The game lasted 03:05:07 (29479 turns).

Joat the Martial Artist (DrTm)                     Turns: 29479, Time: 03:05:07

Health: 0/132      AC: 17    Str: 14    XL:     15   Next: 0%
Magic:  30/30      EV:  2    Int: 15    God:    Qazlal [******]
Gold:   2165       SH:  0    Dex: 19    Spells: 5 memorised, 17 levels left

rFire  . . .     SeeInvis .       - Unarmed
rCold  + . .     Gourm    .     (armour unavailable)
rNeg   . . .     Faith    .     j - +0 buckler
rPois  .         Spirit   .     (helmet restricted)
rElec  .         Dismiss  .     n - +2 cloak
rCorr  .         Reflect  .     x - +0 pair of gloves
SustAt .         Harm     .     o - +0 pair of boots
MR     +....     Clarity  +     O - amulet of magic regeneration
Stlth  +.........               y - ring of protection from cold
                                N - +4 ring of dexterity

@: paralysed, protected from physical damage, very slightly contaminated, repel
missiles, invisible, somewhat resistant to hostile enchantments, very unstealthy
A: breathe steam, unfitting armour, clarity, high mp 1, mutation resistance 1,
cold-blooded, AC +9
a: Breathe Steam, Upheaval, Elemental Force, Disaster Area, Renounce Religion


You were on level 2 of the Orcish Mines.
You worshipped Qazlal.
Qazlal was exalted by your worship.
You were not hungry.

You visited 3 branches of the dungeon, and saw 22 of its levels.
You also visited: Ossuary and Bailey.

You collected 2165 gold pieces.

Inventory:

Hand Weapons
 w - a +0 blowgun
 G - the +9 broad axe "Vowk" {pain, rElec rC- MR++ SInv}
   (You found it on level 4 of the Lair of Beasts)

   In the hands of one skilled in necromantic magic, it inflicts extra damage on
   living creatures.
   It makes you vulnerable to cold.
   It insulates you from electricity.
   It affects your resistance to hostile enchantments.
   It lets you see invisible.
 T - the +6 shillelagh "Devastator" {shatter}
   (You found it on level 8 of the Lair of Beasts)
Missiles
 g - 4 poisoned javelins
 A - 50 tomahawks of returning (quivered)
 D - 6 curare-tipped needles
 P - 214 arrows
Armour
 j - a +0 buckler (worn)
 n - a +2 cloak (worn)
 o - a +0 pair of boots (worn)
 x - a +0 pair of gloves (worn)
Jewellery
 a - an uncursed ring of positive energy
 v - an uncursed ring of protection from magic
 y - a ring of protection from cold (right hand)
 N - a +4 ring of dexterity (left hand)
 O - an amulet of magic regeneration (around neck)
 X - an uncursed ring of positive energy
 Y - a +4 ring of strength
Wands
 h - a wand of digging (6/24)
 R - a wand of lightning (8/15)
 Z - a wand of disintegration (12/24)
Scrolls
 d - 4 scrolls of blinking
 e - 11 scrolls of remove curse
 l - 4 scrolls of fog
 p - a scroll of enchant weapon
 r - 4 scrolls of teleportation
 s - 5 scrolls of amnesia
 F - a scroll of fear
 S - 5 scrolls of identify
 U - a scroll of magic mapping
Potions
 i - 5 potions of curing
 k - 2 potions of resistance
 t - 2 potions of ambrosia
 u - 2 potions of agility
 z - a potion of magic
 B - 7 potions of flight
 C - 2 potions of lignification
 H - 2 potions of brilliance
 J - 2 potions of cancellation
 L - 5 potions of haste
 Q - 4 potions of might
Books
 b - a book of Changes

   Spells                             Type                      Level
   a - Beastly Appendage              Transmutation                1
   b - Sticks to Snakes               Transmutation                2
   c - Spider Form                    Transmutation/Poison         3
   d - Ice Form                       Ice/Transmutation            4
   e - Blade Hands                    Transmutation                5
 m - a book of Spatial Translocations

   Spells                             Type                      Level
   a - Apportation                    Translocation                1
   b - Blink                          Translocation                2
   c - Shroud of Golubria             Charms/Translocation         2
   d - Portal Projectile              Translocation                3
   e - Teleport Other                 Translocation                3
   f - Passage of Golubria            Translocation                4
 K - a book of Enchantments

   Spells                             Type                      Level
   a - Cause Fear                     Hexes                        4
   b - Yara's Violent Unravelling     Hexes/Transmutation          5
   c - Silence                        Hexes/Air                    5
   d - Deflect Missiles               Charms/Air                   6
   e - Haste                          Charms                       6
   f - Discord                        Hexes                        8
Miscellaneous
 E - a box of beasts
 M - a lamp of fire
 W - a fan of gales
Comestibles
 c - 15 bread rations
 f - 4 chunks of flesh


   Skills:
 + Level 11.7 Fighting
 + Level 11.6 Dodging
 - Level 4.0 Shields
 + Level 12.8 Unarmed Combat
 + Level 9.0 Spellcasting
 - Level 2.2 Translocations
 + Level 11.2 Transmutations
 - Level 6.8 Ice Magic
 - Level 4.0 Poison Magic
 + Level 3.0 Invocations


You had 17 spell levels left.
You knew the following spells:

 Your Spells              Type           Power        Failure   Level  Hunger
a - Beastly Appendage     Trmt           #####.       1%          1    None
b - Blink                 Tloc           N/A          10%         2    None
c - Ice Form              Ice/Trmt       ####....     2%          4    ###....
q - Blade Hands           Trmt           #####.....   2%          5    #####..
v - Spider Form           Trmt/Pois      ####......   1%          3    #......


Dungeon Overview and Level Annotations

Branches:
Dungeon (12/15)            Temple (0/1) D:6            Lair (8/8) D:9
 Shoals (0/4) Lair:3        Snake (0/4) Lair:6        Slime (0/6) Lair:8
    Orc (2/2) D:12            Elf (0/3) Orc:2

Altars:
Dithmenos
Elyvilon
Fedhas
Kikubaaqudgha
Qazlal
Sif Muna
Trog
Xom
Zin
The Shining One
Jiyva

Shops:
D:8 %   D:12 (   Orc:1 }

Portals:
Trove: D:12 (give +7 demon whip)

Annotations:
Lair:3 exclusions: 2 electric eels and 6 more exclusions
Lair:5 1 exclusion


Innate Abilities, Weirdness & Mutations

You can breathe blasts of scalding, opaque steam.
Your pale cyan-grey scales are hard (AC +9).
Your body does not fit into most forms of armour.
You are cold-blooded and may be slowed by cold attacks.
You possess an exceptional clarity of mind.
You have an increased reservoir of magic (+10% MP).
You are somewhat resistant to further mutation.


Message History

* * * LOW HITPOINT WARNING * * *
The sixfirhy hits you but does no damage.
The orc knight roars a battlecry!
The orcs go into a battle-frenzy!
The orc warrior no longer looks unusually strong.
The orc sorcerer hits you but does no damage.
The red devil hits you but does no damage.
The sixfirhy hits you but does no damage.
The orc no longer looks unusually strong.
The sixfirhy hits you but does no damage. x3
The orc sorcerer hits you but does no damage.
The orc warrior hits you with a short sword.
* * * LOW HITPOINT WARNING * * *
The red devil hits you from afar with a trident.
* * * LOW HITPOINT WARNING * * *
The sixfirhy hits you but does no damage.
You hear a shout!
The sixfirhy hits you but does no damage.
The sixfirhy hits you!
You die...

.....$............#
..................#
..................#
...........oo.....#
..................#
............ooooo.#
............oo4oo§#
.............§o4o#
.............§@§###############
...........................#..
.............................
............................
...........................
.....................#....
....#....................
..#...................#§
......................


You could see 3 orc knights, a sixfirhy, 2 orc sorcerers, a red devil, 4 orc
warriors, an orc priest and 3 orcs.

Vanquished Creatures
  Nessos (D:12)
  Fannar (D:12)
  4 hydras
  A catoblepas (Lair:7)
  Erolcha (D:10)
  A queen ant (Lair:2)
  2 orc high priests (Orc:2)
  A tengu warrior (D:12)
  Urug (D:10)
  Nergalle (D:12)
  Sonja (D:10)
  2 unseen horrors (D:12)
  2 hill giants
  An orc knight (Orc:2)
  2 ugly things
  2 griffons
  13 elephants
  A torpor snail (Lair:3)
  23 spiny frogs
  18 black mambas
  Psyche (D:12)
  2 gargoyles
  13 komodo dragons
  2 trolls
  A tengu conjurer (D:12)
  4 slime creatures (D:12)
  7 polar bears
  17 blink frogs
  A two-headed ogre (D:10)
  A giant leech (Lair:7)
  A shadow (D:12)
  48 yaks
  A spriggan (Lair:5)
  A vampire (D:9)
  A hungry ghost (D:10)
  5 basilisks
  The ghost of ThereIsNoGod the Chopper, an amateur MiGl (Ossuary)
  A wyvern (Lair:3)
  A steam dragon (D:11)
  8 vampire mosquitoes
  11 hippogriffs
  Menkaure (D:7)
  4 hell hounds
  21 water moccasins
  13 porcupines
  20 soldier ants (Lair:2)
  2 black bears
  An eye of draining (D:11)
  3 ice beasts
  12 orc warriors
  3 phantoms
  A necrophage (D:9)
  7 centaurs
  18 crocodiles
  5 wolves
  6 ogres
  4 big kobolds
  46 giant frogs
  A gnoll sergeant (D:7)
  7 scorpions
  3 killer bees (D:10)
  3 electric eels
  7 wights
  A giant frog zombie (D:10)
  A howler monkey (D:7)
  6 crimson imps
  A wasp zombie (D:12)
  Crazy Yiuf (D:4)
  A quasit (D:6)
  14 orc wizards
  7 orc priests
  A giant frog skeleton (D:4)
  5 hounds
  7 iguanas
  7 jellies
  6 centaur skeletons
  29 worker ants
  26 sheep
  3 hound skeletons
  14 mummies (Ossuary)
  2 worker ant zombies
  Robin (D:4)
  7 gnolls
  50 river rats
  16 adders
  2 shadow imps
  An adder zombie (D:6)
  A worm (D:4)
  5 dart slugs (D:1)
  4 giant geckos
  46 orcs
  A ball python (Lair:6)
  4 giant cockroaches
  22 goblins
  9 hobgoblins
  11 jackals
  4 quokkas
  A bat (D:1)
  3 giant newts
  3 gnoll skeletons (Ossuary)
  2 goblin skeletons (Ossuary)
  A jackal skeleton (D:4)
  39 kobolds
  A kobold skeleton (Ossuary)
  2 orc skeletons (Ossuary)
  10 rats
  8 rat skeletons (Ossuary)
  A bush (Lair:5)
  5 butterflies
  84 fungi
  80 plants
951 creatures vanquished.

Vanquished Creatures (others)
  3 rat skeletons (Ossuary)
  27 fungi
  17 plants
47 creatures vanquished.

Grand Total: 998 creatures vanquished

Notes
Turn   | Place    | Note
--------------------------------------------------------------
     0 | D:1      | Joat the Draconian Transmuter began the quest for the Orb.
     0 | D:1      | Reached XP level 1. HP: 16/16 MP: 3/3
    71 | D:1      | Reached XP level 2. HP: 17/23 MP: 5/5
   241 | D:1      | Reached skill level 4 in Unarmed Combat
   293 | D:1      | Reached XP level 3. HP: 8/28 MP: 6/6
   298 | D:1      | Learned a level 3 spell: Spider Form
  1101 | D:2      | Found a white marble altar of Elyvilon.
  1171 | D:2      | Reached skill level 1 in Shields
  1535 | D:2      | Reached XP level 4. HP: 23/35 MP: 7/7
  1536 | D:2      | Found a blossoming altar of Fedhas.
  1909 | D:3      | Found a glowing silver altar of Zin.
  1909 | D:3      | Noticed an angel
  2006 | D:3      | Found a glowing golden altar of the Shining One.
  2433 | D:3      | Found a deep blue altar of Sif Muna.
  2682 | D:4      | Reached XP level 5. HP: 34/40 MP: 6/8
  2796 | D:4      | Found a bloodstained altar of Trog.
  3086 | D:4      | Reached skill level 5 in Unarmed Combat
  3090 | D:4      | Reached XP level 6. HP: 30/47 MP: 9/9
  3557 | D:4      | Noticed Robin
  3575 | D:4      | Killed Robin
  3793 | D:5      | Entered Level 5 of the Dungeon
  3793 | D:5      | Noticed an ice beast
  3893 | D:5      | Found a shimmering altar of Xom.
  4116 | D:5      | Learned a level 2 spell: Blink
  4502 | D:5      | Found a blossoming altar of Fedhas.
  4577 | D:5      | Reached skill level 1 in Poison Magic
  4577 | D:5      | Your scales start taking on a pale cyan-grey colour.
  4577 | D:5      | Reached XP level 7. HP: 45/53 MP: 10/10
  4680 | D:5      | Reached skill level 1 in Translocations
  5323 | D:4      | Noticed Crazy Yiuf
  5333 | D:4      | Killed Crazy Yiuf
  5431 | D:6      | Found a sand-covered staircase.
  5467 | Ossuary  | Entered an ossuary
  5520 | Ossuary  | Noticed ThereIsNoGod's ghost (amateur MiGl)
  5612 | Ossuary  | Killed ThereIsNoGod's ghost
  5612 | Ossuary  | Reached skill level 6 in Unarmed Combat
  5612 | Ossuary  | Reached XP level 8. HP: 31/63 MP: 4/11
  6435 | D:6      | Learned a level 4 spell: Ice Form
  6549 | D:6      | Found a stormy altar of Qazlal.
  6562 | D:6      | Became a worshipper of Qazlal Stormbringer
  6894 | D:6      | Reached skill level 5 in Dodging
  7144 | D:6      | Reached skill level 7 in Unarmed Combat
  7500 | D:6      | Reached XP level 9. HP: 66/72 MP: 10/13
  7526 | D:6      | Found a staircase to the Ecumenical Temple.
  7628 | D:7      | Reached * piety under Qazlal
  7681 | D:7      | Found a flagged portal.
  7756 | Bailey   | Entered a bailey
  8123 | Bailey   | Reached ** piety under Qazlal
  8272 | D:7      | Reached skill level 5 in Fighting
  9206 | D:7      | Noticed Menkaure
  9215 | D:7      | Killed Menkaure
  9215 | D:7      | Reached skill level 8 in Unarmed Combat
  9733 | D:8      | Found Xosesene's Food Boutique.
  9848 | D:8      | Identified a scroll of acquirement
 10170 | D:9      | Reached XP level 10. HP: 73/81 MP: 14/16
 10336 | D:9      | Found a staircase to the Lair.
 11253 | D:9      | Found an ancient bone altar of Kikubaaqudgha.
 11254 | D:9      | Found a shadowy altar of Dithmenos.
 11524 | Lair:1   | Entered Level 1 of the Lair of Beasts
 11564 | Lair:1   | Reached *** piety under Qazlal
 11564 | Lair:1   | Reached skill level 9 in Unarmed Combat
 11671 | Lair:1   | Reached skill level 1 in Ice Magic
 11935 | Lair:1   | Noticed a spiny frog
 12289 | Lair:1   | Killed a spiny frog
 12638 | Lair:1   | Noticed a spiny frog
 12654 | Lair:1   | Killed a spiny frog
 13148 | Lair:1   | Reached XP level 11. HP: 84/91 MP: 17/17
 13778 | Lair:1   | Learned a level 5 spell: Blade Hands
 14013 | Lair:2   | Reached skill level 5 in Transmutations
 14056 | Lair:2   | Reached skill level 10 in Unarmed Combat
 14613 | Lair:2   | Reached **** piety under Qazlal
 14978 | Lair:2   | Noticed a queen ant
 14985 | Lair:2   | Killed a queen ant
 14985 | Lair:2   | Reached skill level 5 in Spellcasting
 15024 | Lair:2   | Reached skill level 5 in Ice Magic
 15876 | Lair:3   | Reached XP level 12. HP: 78/101 MP: 17/20
 16965 | Lair:3   | Found a staircase to the Shoals.
 17312 | Lair:4   | Reached ***** piety under Qazlal
 17898 | Lair:4   | Got a slimy broad axe
 17899 | Lair:4   | Identified the +9 broad axe "Vowk" {pain, rElec rC- MR++ SInv} (You found it on level 4 of the Lair of Beasts)
 18425 | Lair:5   | Noticed a seven-headed hydra
 18452 | Lair:5   | Killed a seven-headed hydra
 18452 | Lair:5   | Reached skill level 11 in Unarmed Combat
 18536 | Lair:5   | Reached skill level 10 in Dodging
 18876 | Lair:5   | Noticed a six-headed hydra
 18906 | Lair:5   | Killed a six-headed hydra
 19247 | Lair:5   | Reached XP level 13. HP: 109/111 MP: 23/23
 19310 | Lair:5   | Gained mutation: You possess an exceptional clarity of mind. [potion of mutation]
 19310 | Lair:5   | Gained mutation: You have an increased reservoir of magic (+10% MP). [potion of mutation]
 19310 | Lair:5   | Gained mutation: You are somewhat resistant to further mutation. [potion of mutation]
 20036 | Lair:6   | Found a dark tunnel.
 20044 | Lair:6   | HP: 5/133 [black mamba (11)]
 20049 | Lair:6   | HP: 3/166 [black mamba (5)]
 20571 | Lair:6   | Found a staircase to the Snake Pit.
 21859 | Lair:7   | Reached ****** piety under Qazlal
 22027 | Lair:7   | Reached skill level 10 in Fighting
 22894 | Lair:8   | Entered Level 8 of the Lair of Beasts
 23018 | Lair:7   | Reached skill level 10 in Transmutations
 23143 | Lair:8   | Reached skill level 12 in Unarmed Combat
 23529 | Lair:8   | Reached XP level 14. HP: 61/122 MP: 28/28
 24891 | Lair:8   | Found a staircase to the Slime Pits.
 24891 | Lair:8   | Found a viscous altar of Jiyva.
 25474 | D:10     | Entered Level 10 of the Dungeon
 25671 | D:10     | Noticed Urug
 25681 | D:10     | Killed Urug
 25787 | D:10     | Noticed Sonja
 25792 | D:10     | Killed Sonja
 26028 | D:10     | Noticed Erolcha
 26032 | D:10     | Killed Erolcha
 27501 | D:12     | Reached skill level 1 in Invocations
 27956 | D:12     | Noticed Nergalle
 27966 | D:12     | Killed Nergalle
 27994 | D:12     | Found a portal to a secret trove of treasure.
 28007 | D:12     | Noticed Psyche
 28014 | D:12     | Killed Psyche
 28025 | D:12     | Noticed Fannar
 28036 | D:12     | Killed Fannar
 28077 | D:12     | Noticed Nessos
 28086 | D:12     | Killed Nessos
 28211 | D:12     | Found Fiol's Weapon Shop.
 28902 | D:12     | Found a staircase to the Orcish Mines.
 29010 | Orc:1    | Entered Level 1 of the Orcish Mines
 29022 | Orc:1    | Found Oqoelatann's Gadget Boutique.
 29266 | Orc:2    | Entered Level 2 of the Orcish Mines
 29278 | Orc:2    | Found a staircase to the Elven Halls.
 29455 | Orc:2    | Reached XP level 15. HP: 41/132 MP: 28/30
 29474 | Orc:2    | Paralysed by an orc sorcerer for 6 turns
 29479 | Orc:2    | Slain by a sixfirhy

Skill      XL: |  1  2  3  4  5  6  7  8  9 10 11 12 13 14 |
---------------+-------------------------------------------+-----
Unarmed Combat | 4 5 6 7 8 9 10 11 12 | 12.8
Shields        | 1 2 3 4 |  4.0
Dodging        | 2 3 4 5 6 8 9 10 11 | 11.6
Poison Magic   | 1 2 3 4 |  4.0
Translocations | 2 |  2.2
Fighting       | 3 4 5 6 7 9 10 11 | 11.7
Spellcasting   | 3 4 5 6 7 9 |  9.0
Transmutations | 3 4 6 7 10 11 | 11.2
Ice Magic      | 3 5 6 |  6.8
Invocations    | 3 |  3.0

Action                   |  1- 3 |  4- 6 |  7- 9 | 10-12 | 13-15 || total
-------------------------+-------+-------+-------+-------+-------++-------
Melee: Unarmed           |   124 |   295 |   680 |   828 |   969 ||  2896
       Tailslap          |    15 |    26 |    76 |    36 |   149 ||   302
       Headbutt          |     2 |     5 |     3 |     9 |       ||    19
       Kick              |     2 |    11 |    14 |     3 |       ||    30
       Punch             |       |       |       |       |    17 ||    17
       Shillelagh        |       |       |       |       |    30 ||    30
Throw: Javelin           |       |       |     6 |       |       ||     6
       Tomahawk          |       |       |     5 |       |     2 ||     7
 Cast: Beastly Appendage |     2 |    11 |     8 |     6 |       ||    27
       Spider Form       |       |       |    19 |    38 |     1 ||    58
       Blink             |       |       |     5 |       |     1 ||     6
       Ice Form          |       |       |       |    14 |    25 ||    39
       Blade Hands       |       |       |       |       |    30 ||    30
 Abil: Breathe Steam     |       |       |     4 |     3 |     4 ||    11
       End Transformatio |       |       |       |     2 |     5 ||     7
  Use: Scroll            |     1 |     1 |    22 |     1 |    12 ||    37
       Potion            |       |       |     3 |    11 |    13 ||    27
 Stab: Sleeping          |     1 |     1 |       |       |       ||     2
       Distracted        |       |     2 |       |       |       ||     2
       Invisible         |       |       |     7 |     5 |     4 ||    16
  Eat: Chunk             |     2 |     9 |    11 |    35 |    31 ||    88
       Meat ration       |       |       |     2 |       |     1 ||     3
       Beef jerky        |       |       |     1 |     1 |     1 ||     3
       Bread ration      |       |       |       |       |     2 ||     2
       Fruit             |       |       |       |       |     1 ||     1
       Pizza             |       |       |       |       |     1 ||     1
Armor: Skin              |    33 |    67 |    98 |    67 |   201 ||   466
Dodge: Dodged            |    51 |   124 |   381 |   590 |   627 ||  1773
       Deflected         |       |       |       |       |    16 ||    16
Block: Buckler           |     7 |    63 |   120 |    86 |   207 ||   483
       Other             |       |       |     5 |   106 |   229 ||   340
